AoeStats
← AiM | Facu1414

Arabia

505563705Analyzed
4v4 RM · 22d ago on Sep 10, 2026· 26m 42s· 8 players
Game mode
Random Map
Map size
Large (8 player)
Population
200
Speed
Normal
Resources
Standard
Victory
Conquest
Starting age
Dark Age
Ending age
Imperial Age
RankedLock teamsTeams togetherTeam positionsShared explorationLock speedFull tech treeHidden civsTurbo modeCheats
Victory
Defeat
🇨🇱 Persians · Chile
1635
+11
🇨🇱 Maya · Chile
1584
+12
🇦🇷 Magyars · Argentina
1556
+14
🇨🇱 Shu · Chile
1533
+14
🇩🇪 Dravidians · Germany
1567
-15
🇺🇸 Sicilians · United States
1508
-13
🇲🇽 Muisca · Mexico
1489
-12
🇨🇦 Lithuanians · Canada
1456
-11
old man
5:07 Loom
9:09 Feudal Age
10:11 Double-Bit Axe
13:25 Bloodlines
23:15 Scale Barding Armor
27:38 Castle Age
25:56 Gold Mining
26:32 Forging
Avila1997
6:01 Loom
9:22 Feudal Age
12:08 Fletching
12:06 Double-Bit Axe
20:27 Padded Archer Armor
26:47 Castle Age
25:08 Gold Mining
Öl1ng
5:48 Loom
8:27 Feudal Age
11:11 Double-Bit Axe
13:40 Fletching
16:18 Padded Archer Armor
20:08 Horse Collar
26:11 Castle Age
kwestes
6:48 Loom
9:44 Feudal Age
10:25 Double-Bit Axe
10:21 Horse Collar
15:12 Forging
16:53 Scale Barding Armor
23:09 Castle Age
23:05 Wheelbarrow
23:17 Gold Mining
24:04 Bloodlines
23:57 Husbandry
AiM | Kadrexgg
5:39 Loom
8:46 Feudal Age
11:45 Double-Bit Axe
12:15 Fletching
14:35 Padded Archer Armor
15:51 Horse Collar
20:39 Wheelbarrow
20:14 Man-at-Arms
23:18 Castle Age
21:55 Gold Mining
23:23 Crossbowman
24:08 Thumb Ring
23:59 Bodkin Arrow
24:02 Town Watch
26:01 Leather Archer Armor
27:08 Bow Saw
AiM | EleuieseKa
6:08 Loom
8:32 Feudal Age
9:06 Double-Bit Axe
14:44 Scale Barding Armor
16:15 Wheelbarrow
16:46 Forging
18:01 Bloodlines
18:21 Horse Collar
22:55 Castle Age
22:32 Gold Mining
23:54 Chain Barding Armor
26:37 Husbandry
26:48 Town Watch
AiM | Facu1414
6:50 Loom
9:09 Feudal Age
9:43 Double-Bit Axe
10:00 Double-Bit Axe
14:33 Wheelbarrow
14:07 Scale Barding Armor
17:47 Bloodlines
25:16 Castle Age
23:49 Gold Mining
24:01 Horse Collar
26:22 Light Cavalry
AiM | Shuffle
0:26 Loom
9:02 Feudal Age
12:12 Fletching
14:43 Double-Bit Axe
23:04 Castle Age
21:16 Padded Archer Armor
22:56 Gold Mining
22:47 Horse Collar
23:30 Crossbowman
24:22 Bodkin Arrow
25:16 Bow Saw
27:07 Ballistics
Connection lost

Rejoining the realm…

Still unreachable

The connection could not be restored.

Session expired

The server has moved on; the page needs a fresh start.